 Dungeon Crawl Stone Soup version 0.28.0-43-g3370ac3207 (webtiles) character file.

Game seed: 16043079305021883298

52789 adizb the Slicer (level 14, -14/86 HPs)
             Began as a Tengu Fighter on Mar 23, 2022.
             Was a High Priest of Dithmenos.
             Killed from afar by a fire dragon (26 damage)
             ... with a blast of flame
             ... on level 6 of the Lair of Beasts.
             The game lasted 01:39:42 (14522 turns).

adizb the Slicer (Tengu Fighter)                   Turns: 14522, Time: 01:39:44

Health: -14/86     AC: 11    Str: 24    XL:     14   Next: 65%
Magic:  0/18       EV: 26    Int: 16    God:    Dithmenos [*****.]
Gold:   647        SH:  9    Dex: 22    Spells: 14/17 levels left

rFire   . . .      SeeInvis +   n - +6 scimitar of Tonuac {venom, Str+8}
rCold   . . .      Faith    .   c - +3 buckler
rNeg    . . .      Spirit   +   P - +0 troll leather armour
rPois   .          Reflect  .   j - +2 hat
rElec   .          Harm     .   E - +0 cloak of the Bulwark {Int+4 SInv Stlth+}
rCorr   +          Rampage  .   I - +1 pair of gloves "Yrutzopsi" {Str-3 Int+4 Dex+5}
Will    +....                   (boots unavailable)
Stlth   ++++++++++              g - amulet of the Dropbear {Spirit rC- rCorr Slay+3}
HPRegen 1.04/turn               h - ring of protection from cold
MPRegen 0.16/turn               T - ring of wizardry

@: lethally poisoned (-14 -> -21), about to teleport, flying quickly and
evasively, wreathed by umbra, quick
A: beak, talons 3, nimble flight
a: Renounce Religion, Shadow Step, Shadow Form


You were on level 6 of the Lair of Beasts.
You worshipped Dithmenos.
Dithmenos was extremely pleased with you.
You visited 3 branches of the dungeon, and saw 18 of its levels.
You also visited: Sewer and Gauntlet.

You collected 1219 gold pieces.
You spent 572 gold pieces at shops.

Inventory:

Hand Weapons
 n - the +6 scimitar of Tonuac (weapon) {venom, Str+8}
   (You found it on level 3 of the Lair of Beasts)

   It poisons the flesh of those it strikes.
   Str:       It affects your strength (+8).
 B - the +8 short sword "Cinujon" {drain, rPois rN+}
   (You found it on level 5 of the Dungeon)

   A truly terrible weapon, it drains the life of any living foe it strikes.
   rPois:     It protects you from poison.
   rN:        It protects you from negative energy.
 O - a +0 antimagic scimitar
 X - a +0 scimitar of flaming
Missiles
 D - 9 boomerangs
Armour
 c - a +3 buckler (worn)
 j - a +2 hat (worn)
 w - a +3 ring mail of fire resistance
 E - the +0 cloak of the Bulwark (worn) {Int+4 SInv Stlth+}
   (You acquired it on level 5 of the Dungeon)

   Int:       It affects your intelligence (+4).
   SInv:      It lets you see invisible.
   Stlth:     It makes you more stealthy.
 H - a +2 robe of willpower
 I - the +1 pair of gloves "Yrutzopsi" (worn) {Str-3 Int+4 Dex+5}
   (You found it in a Gauntlet)

   Str:       It affects your strength (-3).
   Int:       It affects your intelligence (+4).
   Dex:       It affects your dexterity (+5).
 P - a +0 troll leather armour (worn)
 Z - a scarf of resistance
Jewellery
 g - the amulet of the Dropbear (around neck) {Spirit rC- rCorr Slay+3}
   (You acquired it on level 6 of the Dungeon)

   [amulet of guardian spirit]

   It causes incoming damage to be divided between your reserves of health and
   magic.
   Slay:      It affects your accuracy & damage with ranged weapons and melee
   (+3).
   rC:        It makes you vulnerable to cold.
   rCorr:     It protects you from acid and corrosion.
 h - a ring of protection from cold (left hand)
 p - an amulet of regeneration
 F - a ring of protection from cold
 R - a ring of magical power
 T - a ring of wizardry (right hand)
Wands
 k - a wand of flame (30)
 s - a wand of iceblast (2)
 y - a wand of charming (24)
 L - a wand of paralysis (8)
 M - a wand of digging (11)
 V - a wand of polymorph (13)
 W - a wand of acid (4)
Scrolls
 a - 2 scrolls of magic mapping
 b - a scroll of enchant armour
 e - 6 scrolls of teleportation
 i - 7 scrolls of fear
 l - 4 scrolls of amnesia
 C - a scroll of fog
 K - a scroll of summoning
 Q - 2 scrolls of holy word
Potions
 d - 2 potions of might
 f - 5 potions of curing
 m - 4 potions of degeneration {unknown}
 q - 3 potions of brilliance
 r - a potion of ambrosia
 t - 5 potions of heal wounds {unknown}
 u - 3 potions of mutation
 v - 3 potions of attraction {unknown}
 x - 4 potions of lignification
 z - 6 potions of haste
 G - 2 potions of resistance
 N - 3 potions of berserk rage {unknown}
 Y - 2 potions of invisibility {unknown}
Miscellaneous
 J - a condenser vane
 S - a lightning rod (4/4)


   Skills:
 + Level 9.5 Fighting
 + Level 14.4(14.7) Short Blades
 + Level 4.1(10.3) Long Blades
 - Level 7.6 Armour
 * Level 13.0 Dodging
 + Level 12.1 Stealth
 + Level 6.0 Shields
 - Level 2.0 Spellcasting
 + Level 3.3 Summonings
 - Level 6.0 Evocations


You had 14 spell levels left.
You knew the following spells:

 Your Spells              Type           Power      Damage    Failure   Level
a - Call Canine Familiar  Summ           12%        N/A       9%          3

Your spell library contained the following spells:

 Spells                   Type           Power      Damage    Failure   Level
 Blink                    Tloc           2%         N/A       17%         2
 Corpse Rot               Necr/Air       2%         N/A       17%         2
 Confusing Touch          Hex            1%         N/A       32%         3
 Gell's Gravitas          Tloc           1%         N/A       32%         3
 Lesser Beckoning         Tloc           1%         N/A       32%         3
 Ozocubu's Armour         Ice            1%         N/A       32%         3
 Portal Projectile        Hex/Tloc       2%         N/A       32%         3
 Teleport Other           Tloc           1%         N/A       32%         3
 Dispel Undead            Necr           1%         3d6       71%         4
 Leda's Liquefaction      Hex/Erth       0%         N/A       71%         4
 Alistair's Intoxication  Tmut/Pois      0%         N/A       95%         5
 Borgnjor's Vile Clutch   Necr/Erth      0%         N/A       95%         5
 Fireball                 Conj/Fire      0%         3d3       95%         5
 Iskenderun's Battlesphe  Conj           1%         2d6       95%         5
 Manifold Assault         Tloc           1%         N/A       95%         5
 Metabolic Englaciation   Hex/Ice        0%         N/A       95%         5
 Yara's Violent Unravell  Hex/Tmut       0%         3d3       95%         5
 Conjure Ball Lightning   Conj/Air       0%         3x3d6     100%        6
 Death Channel            Necr           0%         N/A       100%        6
 Dispersal                Tloc           0%         N/A       100%        6
 Eringya's Noxious Bog    Tmut/Pois      0%         N/A       100%        6
 Simulacrum               Ice/Necr       0%         N/A       100%        6
 Enfeeble                 Hex            0%         N/A       100%        7
 Orb of Destruction       Conj           0%         9d5       100%        7


Dungeon Overview and Level Annotations

Branches:
Dungeon (11/15)            Temple (1/1) D:7            Lair (6/6) D:11
 Shoals (0/4) Lair:3        Snake (0/4) Lair:3        Slime (0/5) Lair:6
    Orc (0/2) D:9           Sewer (visited)         Gauntlet (visited)

Altars:
Ashenzari
Cheibriados
Dithmenos
Elyvilon
Fedhas
Gozag
Hepliaklqana
Kikubaaqudgha
Makhleb
Nemelex Xobeh
Okawaru
Qazlal
Ru
Sif Muna
Trog
Uskayaw
Vehumet
Wu Jian
Xom
Yredelemnul
Zin
The Shining One
Jiyva

Shops:
D:5 ?   D:6 :   D:7 :

Annotations:
Lair:1 3 runed translucent doors, bnorton916's ghost, journeyman BaIE
Lair:5 sylnyx's ghost, journeyman MiMo


Innate Abilities, Weirdness & Mutations

You have a beak for a mouth.
You have claws for feet.
Your magical nature lets you fly swiftly and evasively.


Message History

Your shadow hits the swamp dragon with a scimitar.
You slash the swamp dragon! You claw the swamp dragon!
You peck the swamp dragon.
The swamp dragon is heavily wounded.
The swamp dragon completely misses you.
The swamp dragon claws you but does no damage.
The swamp dragon barely misses you.
You slash the swamp dragon! Your peck misses the swamp dragon.
The swamp dragon is heavily wounded.
The swamp dragon breathes poison at you.
The blast of poison engulfs you!
You are poisoned.
* * * LOW HITPOINT WARNING * * *
You hear an angry hiss.
As you read the scroll of teleportation, it crumbles to dust.
You feel strangely unstable.
You are engulfed in poison gas.
You are more poisoned.
* * * LOW HITPOINT WARNING * * *
x2 You feel extremely sick.
The swamp dragon breathes poison at you.
The blast of poison misses you.
Okay, then.
You feel better.
You are engulfed in poison gas.
You are poisoned.
* * * LOW HITPOINT WARNING * * *
x2 You feel very sick.
The swamp dragon closely misses you. The swamp dragon claws you.
* * * LOW HITPOINT WARNING * * *
The swamp dragon completely misses you. The fire dragon misses you.
You block the fire dragon's attack. The fire dragon closely misses you.
The steam dragon is engulfed in poison gas.
The steam dragon is poisoned.
You feel better.
You are engulfed in poison gas.
You are poisoned.
* * * LOW HITPOINT WARNING * * *
You feel very sick.
You block the swamp dragon's attack. x2; The swamp dragon misses you.
The fire dragon breathes flames at you. The blast of flame hits you!!
You die...

♣P.≈..♣†≈♣≈.♣♣
♣♣≈≈†.♣♣♣≈≈♣[♣
♣♣≈≈.P♣♣.≈.♣♣
♣P.≈♣♣≈≈♣.P♣
♣≈≈≈≈≈P♣♣♣♣.≈≈≈≈♣♣.♣♣
♣.≈≈≈≈.$.$♣♣..≈.P.P♣
♣.≈≈≈≈.((♣♣♣≈≈P...♣
♣..≈≈≈D)D. ♣○♣°♣|♣♣
♣♣♣.....!D ♣♣@☼..♣♣
♣.≈≈≈≈.$. ♣♣DD○..♣
♣..≈≈≈≈P♣♣♣.D♣..♣♣
♣.≈≈≈.♣♣≈≈P..♣♣
♣...≈♣♣≈≈..♣♣♣
♣♣.P.≈≈≈..♣♣
♣♣..≈≈≈≈.♣ ♣♣.≈≈≈♣♣♣
♣♣♣♣♣♣


You could see a fire dragon (catching breath), a swamp dragon (poisoned) and a
steam dragon (poisoned).

Vanquished Creatures
  A minotaur (Gauntlet)
  3 hydras
  3 boulder beetles
  A catoblepas (Lair:6)
  Erica (Lair:1)
  A tengu warrior (D:8)
  6 two-headed ogres
  A death scarab (Gauntlet)
  6 death yaks (Lair:4)
  A spectral hydra (Gauntlet)
  A necromancer (Gauntlet)
  A faun (Lair:5)
  7 elephants (Lair:6)
  3 oklob plants (Lair:2)
  An ice statue (Gauntlet)
  A torpor snail (Gauntlet)
  5 black mambas
  8 cane toads
  A gargoyle (D:11)
  An unseen horror (D:11)
  6 rime drakes
  Psyche (D:9)
  2 komodo dragons
  4 trolls
  2 polar bears
  2 hornets
  22 blink frogs
  2 shadows
  48 yaks
  2 basilisks
  A wraith (D:9)
  2 wyverns
  A naga (Lair:3)
  2 acid dragons (Lair:6)
  12 water moccasins
  2 swamp worms (D:9)
  A floating eye (Lair:2)
  A hornet zombie (D:8)
  An ice beast (D:7)
  4 orc warriors
  2 sky beasts
  3 swamp drakes (Lair:6)
  7 ogres
  5 black bears
  27 wolves
  3 centaurs
  2 phantoms
  13 bullfrogs
  6 kobold brigands
  6 gnoll sergeants
  A scorpion (D:6)
  A wyvern zombie (D:6)
  2 water moccasin skeletons
  A water moccasin zombie (D:5)
  9 killer bees
  11 wights
  3 howler monkeys
  A nameless horror (Lair:5)
  8 centaur zombies
  2 hounds
  4 orc priests
  2 jellies
  A gnoll shaman (D:8)
  Jessica (D:3)
  3 iguanas
  9 orc wizards
  2 merfolk sirens
  A merfolk avatar (Sewer)
  A killer bee zombie (D:7)
  Robin (D:4)
  A howler monkey zombie (D:10)
  4 gnolls
  6 adders
  4 river rats (Sewer)
  2 shadow imps (D:8)
  An ufetubus (D:4)
  4 worms
  2 dart slugs
  19 orcs
  7 ball pythons
  3 bats (D:1)
  6 endoplasms
  7 giant cockroaches
  15 goblins
  14 hobgoblins
  14 jackals
  6 quokkas
  8 frilled lizards
  18 kobolds
  25 rats
475 creatures vanquished.

Vanquished Creatures (collateral kills)
  Rupert (Lair:5)
  A hydra (Lair:5)
  A yak (Lair:6)
  A wolf (Lair:5)
4 creatures vanquished.

Vanquished Creatures (others)
  An ogre (D:9)
  39 fungi
  54 plants
  7 withered plants
101 creatures vanquished.

Grand Total: 580 creatures vanquished

Notes
Turn   | Place    | Note
-------+----------+-------------------------------------------
     0 | D:1      | adizb the Tengu Fighter began the quest for the Orb.
     0 | D:1      | Reached XP level 1. HP: 14/14 MP: 2/2
   128 | D:1      | Reached XP level 2. HP: 18/19 MP: 3/3
   427 | D:1      | Reached XP level 3. HP: 20/23 MP: 4/4
   546 | D:1      | Found a faded altar of an unknown god.
   717 | D:2      | Reached skill level 3 in Short Blades
  1198 | D:2      | Reached XP level 4. HP: 28/28 MP: 5/5
  1947 | D:3      | Gained mutation: Your magical nature lets you fly swiftly
                  | and evasively. [Tengu growth]
  1947 | D:3      | Reached XP level 5. HP: 16/32 MP: 6/6
  2065 | D:3      | Noticed Jessica
  2075 | D:3      | Killed Jessica
  2740 | D:4      | Reached skill level 4 in Short Blades
  2842 | D:4      | Noticed Robin
  2849 | D:4      | Reached XP level 6. HP: 37/37 MP: 7/7
  2864 | D:4      | Killed Robin
  2865 | D:4      | Reached skill level 1 in Dodging
  2865 | D:4      | Reached skill level 1 in Evocations
  3589 | D:5      | Entered Level 5 of the Dungeon
  3692 | D:5      | Found a glowing drain.
  3706 | Sewer    | Entered a sewer
  3773 | Sewer    | Reached XP level 7. HP: 42/42 MP: 8/8
  4200 | D:5      | Found a broken altar of Ashenzari.
  4206 | D:5      | Reached skill level 5 in Short Blades
  4248 | D:5      | Identified the +8 short sword "Cinujon" {drain, rPois rN+}
  4259 | D:5      | Reached XP level 8. HP: 48/48 MP: 9/9
  4325 | D:5      | Found Werhuloa's Magic Scroll Shoppe.
  4690 | D:6      | Reached skill level 5 in Evocations
  4776 | D:6      | Found Okouz's Book Shoppe.
  4810 | D:6      | Reached skill level 6 in Short Blades
  4904 | D:5      | Bought a scroll of acquirement for 572 gold pieces
  4904 | D:5      | Acquired the +0 cloak of the Bulwark {Int+4 SInv Stlth+}
  5056 | D:6      | Acquired the amulet of the Dropbear {Spirit rC- rCorr
                  | Slay+3}
  5135 | D:7      | Reached skill level 5 in Dodging
  5135 | D:7      | Reached XP level 9. HP: 52/52 MP: 10/10
  5146 | D:7      | Reached skill level 5 in Shields
  5199 | D:7      | Reached skill level 7 in Short Blades
  5306 | D:7      | Found a staircase to the Ecumenical Temple.
  5318 | Temple   | Entered the Ecumenical Temple
  5519 | Temple   | Became a worshipper of Dithmenos the Shadowed
  5605 | D:7      | Found a burning altar of Makhleb.
  5674 | D:7      | Found a sacrificial altar of Ru.
  5843 | D:7      | Reached skill level 5 in Armour
  5965 | D:7      | Found Tuanuror's Book Shoppe.
  6080 | D:7      | Noticed a two-headed ogre
  6197 | D:7      | Killed a two-headed ogre
  6198 | D:7      | Reached skill level 1 in Stealth
  6454 | D:8      | Noticed a hornet
  6464 | D:8      | Killed a hornet
  6465 | D:8      | Reached skill level 5 in Fighting
  6465 | D:8      | Reached skill level 8 in Short Blades
  6465 | D:8      | Reached XP level 10. HP: 51/59 MP: 11/11
  6501 | D:8      | Found an ancient bone altar of Kikubaaqudgha.
  6862 | D:8      | Noticed a tengu warrior
  6896 | D:8      | Killed a tengu warrior
  6956 | D:8      | Reached * piety under Dithmenos
  7296 | D:9      | Noticed Psyche
  7717 | D:9      | Killed Psyche
  7718 | D:9      | Reached skill level 9 in Short Blades
  7749 | D:9      | Found a white marble altar of Elyvilon.
  7749 | D:9      | Found a glowing silver altar of Zin.
  7750 | D:9      | Found a blossoming altar of Fedhas.
  7760 | D:9      | Found an iron altar of Okawaru.
  7934 | D:9      | Found a glowing golden altar of the Shining One.
  7989 | D:9      | Reached skill level 5 in Stealth
  8041 | D:9      | Reached XP level 11. HP: 51/64 MP: 12/12
  8049 | D:9      | Noticed a two-headed ogre
  8057 | D:9      | Killed a two-headed ogre
  8371 | D:9      | Found a staircase to the Orcish Mines.
  8387 | D:9      | Reached skill level 10 in Short Blades
  8397 | D:9      | Reached ** piety under Dithmenos
  8827 | D:10     | Entered Level 10 of the Dungeon
  9100 | D:10     | Reached *** piety under Dithmenos
  9354 | D:11     | Noticed a two-headed ogre
  9365 | D:11     | Killed a two-headed ogre
  9378 | D:11     | Found a staircase to the Lair.
  9468 | D:11     | Noticed a boulder beetle
  9473 | D:11     | Killed a boulder beetle
  9474 | D:11     | Reached skill level 11 in Short Blades
  9630 | D:11     | Reached XP level 12. HP: 72/72 MP: 11/13
  9996 | D:11     | Noticed a two-headed ogre
  9997 | D:11     | Noticed a two-headed ogre
  9999 | D:11     | Killed a two-headed ogre
 10004 | D:11     | Killed a two-headed ogre
 10085 | D:11     | Noticed a two-headed ogre
 10092 | D:11     | Killed a two-headed ogre
 10119 | Lair:1   | Entered Level 1 of the Lair of Beasts
 10384 | Lair:1   | Noticed Erica
 10431 | Lair:1   | Killed Erica
 10520 | Lair:1   | Found a runed translucent gate.
 10709 | Lair:1   | Found a runed translucent gate.
 10709 | Lair:1   | Found a runed translucent gate.
 10710 | Lair:1   | Noticed an 11-headed hydra
 10710 | Lair:1   | Noticed bnorton916's ghost (journeyman BaIE)
 10711 | Lair:1   | Noticed an 11-headed hydra
 10847 | Lair:2   | Reached skill level 10 in Dodging
 10853 | Lair:2   | Reached skill level 12 in Short Blades
 10871 | Lair:2   | Found a gate leading to a gauntlet.
 10897 | Gauntlet | Entered a Gauntlet
 10897 | Gauntlet | Noticed a catoblepas
 10897 | Gauntlet | Found a transporter.
 10897 | Gauntlet | Found a transporter.
 10897 | Gauntlet | Found a transporter.
 10906 | Gauntlet | Found a transporter.
 10916 | Gauntlet | Found a transporter.
 10919 | Gauntlet | Noticed a death scarab
 10931 | Gauntlet | Found a transporter.
 10941 | Gauntlet | Found a transporter.
 10956 | Gauntlet | Found a transporter.
 10962 | Gauntlet | Found a transporter.
 10964 | Gauntlet | Found the +4 Cigotuvi's embrace {rMiasma Drain rN+}
 10976 | Gauntlet | Found a transporter.
 10981 | Gauntlet | Found a transporter.
 10985 | Gauntlet | Found a transporter.
 11135 | Gauntlet | Killed a death scarab
 11161 | Gauntlet | Identified the +1 pair of gloves "Yrutzopsi" {Str-3 Int+4
                  | Dex+5}
 11252 | Gauntlet | Reached skill level 10 in Stealth
 11261 | Gauntlet | Reached XP level 13. HP: 42/78 MP: 6/14
 11302 | Gauntlet | Noticed a minotaur
 11339 | Gauntlet | Killed a minotaur
 11388 | Gauntlet | Identified the +10 battleaxe "Ixuganuu" {holy, Dex+5}
 11421 | Lair:2   | Paralysed by a floating eye for 2 turns
 11426 | Lair:2   | Paralysed by a floating eye for 2 turns
 11590 | Lair:2   | Reached **** piety under Dithmenos
 11648 | Lair:2   | Reached skill level 13 in Short Blades
 11748 | Lair:2   | Found a transporter.
 11786 | Lair:2   | Found a transporter.
 12485 | Lair:3   | Identified the +6 scimitar of Tonuac {venom, Str+8}
 12623 | Lair:3   | Found a staircase to the Shoals.
 12690 | Lair:3   | Reached skill level 1 in Long Blades
 12751 | Lair:3   | Found a staircase to the Snake Pit.
 13339 | Lair:4   | Reached XP level 14. HP: 86/86 MP: 15/15
 13366 | Lair:4   | Learned a level 3 spell: Call Canine Familiar
 13513 | Lair:4   | Reached skill level 1 in Summonings
 13623 | Lair:5   | Reached skill level 1 in Spellcasting
 13673 | Lair:5   | Noticed sylnyx's ghost (journeyman MiMo)
 13678 | Lair:5   | Noticed a dire elephant
 13715 | Lair:5   | Reached ***** piety under Dithmenos
 13756 | Lair:5   | Reached skill level 14 in Short Blades
 13901 | Lair:5   | Noticed Rupert
 14070 | Lair:5   | Killed Rupert
 14175 | Lair:5   | You are sucked into a shaft and drop 1 floor!
 14175 | Lair:6   | Entered Level 6 of the Lair of Beasts
 14176 | Lair:6   | Found a viscous altar of Jiyva.
 14177 | Lair:6   | Found a staircase to the Slime Pits.
 14522 | Lair:6   | Killed from afar by a fire dragon

Illustrated notes

Levels and vault maps discovered:
D:1:      ncdulo_wetmaze, layout_basic, shapermc_ecumenical_altar_flowoftime,
          nrook_campfire
D:2:      layout_basic, minmay_tromino_i4
D:3:      layout_basic, grunt_ministairs_6, palyth_stone_intersect, uniq_jessica
D:4:      kennysheep_goblin_castle, layout_basic
D:5:      layout_rooms, cheibrodos_ashenzari_chains,
          cheibrodos_sewer_entry_bend, serial_shops, nicolae_shop_trees
D:6:      layout_basic, serial_shops, shop
D:7:      layout_basic, mainiacjoe_overflow_alcove_4,
          mainiacjoe_overflow_surrounded_room, minmay_temple_entry_wispy,
          serial_shops, nicolae_lakefront_shop, minivault_11,
          grunt_ministairs_2, kennysheep_generic_room_4
D:8:      cheibrodos_barr_body, layout_basic, mainiacjoe_overflow_catwalk
D:9:      layout_basic, tso_altar, nicolae_overflow_quartered_altars,
          kennysheep_orc_monster_closet_entryway, grunt_ministairs_5,
          worms_lemuel, uniq_psyche
D:10:     layout_cave_pools, dk_vineyard_1
D:11:     layout_grid_maze, david_lair_generic
Temple:   nicolae_temple_figure_eight
Lair:1:   layout_regular_city, gammafunk_ghost_hydra_chop, uniq_erica
Lair:2:   gammafunk_worm_tunnel, layout_loops_ring, gauntlet_entry_generic,
          disabler_island
Lair:3:   layout_long_grid, minmay_shoals_entry_lonely_mermaid,
          guppyfry_snake_entry_garden
Lair:4:   layout_cave_pods, grunt_forest_stairs_basic,
          chequers_serial_rivers_room_b
Lair:5:   layout_hall_layers, gammafunk_ghost_split,
          grunt_forest_large_clearings, uniq_rupert
Lair:6:   guppyfry_lair_end_dragon, layout_loops_ring, wormcave, slime_altar_1,
          lemuel_fruit_fields, infiniplex_staircase_pool_2

Skill      XL: |  1  2  3  4  5  6  7  8  9 10 11 12 13 14 |
---------------+-------------------------------------------+-----
Short Blades   | 3 4 5 6 8 9 11 12 13 14 | 14.4
Shields        | 4 5 6 |  6.0
Armour         | 4 6 7 |  7.6
Dodging        | 2 3 5 6 8 10 12 13 | 13.0
Evocations     | 2 4 6 |  6.0
Fighting       | 4 5 6 7 8 9 |  9.5
Stealth        | 2 5 8 10 11 12 | 12.1
Long Blades    | 2 4 |  4.1
Summonings     | 3 |  3.3
Spellcasting   | 2 |  2.0

Action                   |  1- 3 |  4- 6 |  7- 9 | 10-12 | 13-15 || total
-------------------------+-------+-------+-------+-------+-------++-------
Melee: Rapier            |    63 |    46 |   105 |       |       ||   214
       Kick              |    27 |    42 |    63 |   192 |   209 ||   533
       Peck              |    13 |    21 |    40 |   108 |   117 ||   299
       Dagger            |    42 |   123 |       |       |       ||   165
       Short sword       |       |       |   138 |   511 |   274 ||   923
       Scimitar          |       |       |       |     3 |   204 ||   207
Throw: Dart              |       |       |     9 |       |       ||     9
       Boomerang         |       |       |     1 |       |     3 ||     4
 Cast: Call Canine Famil |       |       |       |       |     3 ||     3
Invok: Shadow Step       |       |       |       |     1 |       ||     1
 Abil: Evoke Invisibilit |       |       |     1 |       |       ||     1
Evoke: Wand              |       |       |     1 |     1 |     7 ||     9
       Lightning rod     |       |       |       |       |     2 ||     2
  Use: Scroll            |       |     2 |    12 |     7 |     7 ||    28
       Potion            |       |       |     1 |       |     3 ||     4
 Stab: Sleeping          |       |       |       |    16 |    23 ||    39
       Distracted        |       |       |       |     1 |     2 ||     3
Armor: Scale mail        |    43 |    40 |    54 |     1 |       ||   138
       Plate armour      |       |       |     5 |    25 |       ||    30
       Skin              |       |       |     1 |       |       ||     1
       Robe              |       |       |       |     7 |       ||     7
       Troll leather arm |       |       |       |    18 |    32 ||    50
Dodge: Dodged            |    40 |    46 |   105 |   204 |   376 ||   771
Block: Buckler           |    24 |    21 |    54 |   127 |   195 ||   421
